 Dungeon Crawl Stone Soup version 0.29.1-1-gd02db6906a (webtiles) character file.

Game seed: 14880605989800100571

308 mcbry74 the Poker (level 6, -2/47 HPs)
             Began as a Merfolk Gladiator on Sept 23, 2022.
             Was an Initiate of Ashenzari.
             Slain by Crazy Yiuf
             ... wielding a +4 quarterstaff of chaos
              (7 damage)
             ... on level 3 of the Dungeon.
             The game lasted 00:08:34 (3626 turns).

mcbry74 the Poker (Merfolk Gladiator)               Turns: 3626, Time: 00:08:34

Health: -2/47      AC: 11    Str: 15    XL:     6   Next: 40%
Magic:  6/6        EV: 14    Int:  9    God:    Ashenzari [......]
Gold:   126        SH:  0    Dex: 15    Spells: 5/5 levels left

rFire   . . .      SeeInvis .   w - +0 scythe (protect)
rCold   . . .      Faith    .   (shield currently unavailable)
rNeg    . . .      Spirit   .   b - +0 leather armour
rPois   .          Reflect  .   c - +0 helmet
rElec   .          Harm     .   (no cloak)
rCorr   .          Rampage  .   (no gloves)
Will    +....                   (no boots)
Stlth   +.........              (no amulet)
HPRegen 0.15/turn               t - ring of willpower
MPRegen 0.10/turn               (no ring)

@: lethally poisoned (-2 -> -9), under a protective aura
A: (nimble swimmer 2), mertail
a: Renounce Religion, Curse Item


You were on level 3 of the Dungeon.
You worshipped Ashenzari.
Ashenzari was noncommittal.
You visited 1 branch of the dungeon, and saw 3 of its levels.

You collected 126 gold pieces.

Inventory:

Hand Weapons
 a - a +0 trident
 w - a +0 scythe of protection (weapon)
Missiles
 d - 2 throwing nets (quivered)
 e - a javelin
 s - 4 boomerangs
Armour
 b - a +0 leather armour (worn)
 c - a +0 helmet (worn)
Jewellery
 t - a ring of willpower (left hand)
Wands
 n - a wand of mindburst (11)
Scrolls
 f - a scroll of butterflies {unknown}
 k - a scroll of poison {unknown}
 m - 2 scrolls of identify {unknown}
 o - a scroll of noise {unknown}
 q - a scroll of amnesia {unknown}
 r - 3 scrolls of blinking {unknown}
 u - a scroll of vulnerability {unknown}
 v - a scroll of enchant weapon {unknown}
Potions
 g - a potion of degeneration {unknown}
 h - 3 potions of brilliance {unknown}
 i - 3 potions of heal wounds {unknown}
 j - 2 potions of ambrosia {unknown}
 l - 2 potions of haste {unknown}
 p - 2 potions of curing {unknown}


   Skills:
 - Level 3.0 Fighting
 * Level 6.8 Polearms
 + Level 3.5 Throwing
 + Level 5.5 Dodging


You had 5 spell levels left.
You didn't know any spells.
Your spell library contained the following spells:

 Spells                   Type           Power      Damage    Failure   Level
 Sting                    Tmut/Pois      0%         1d3       45%         1
 Poisonous Vapours        Pois/Air       0%         N/A       58%         2
 Conjure Flame            Conj/Fire      0%         6-21      83%         3
 Gell's Gravitas          Tloc           0%         N/A       83%         3
 Ignite Poison            Fire/Tmut/Pois 0%         N/A       83%         3
 Teleport Other           Tloc           0%         N/A       83%         3
 Olgreb's Toxic Radiance  Pois           0%         N/A       99%         4
 Sticky Flame             Conj/Fire      0%         2d3       99%         4
 Dispersal                Tloc           0%         N/A       100%        6


Dungeon Overview and Level Annotations

Branches:
Dungeon (3/15)

Altars:
Ashenzari

Annotations:
D:3 Crazy Yiuf


Innate Abilities, Weirdness & Mutations

((You are very nimble when in or above water. (Stealth+, EV+, Speed+++)))
Your lower body shifts to a powerful aquatic tail in water.


Message History

Found a hammer.
Found a runed translucent door.
Crazy Yiuf says, "Scoff sallow snail!"
You open the door. You hit Crazy Yiuf but do no damage.
Your weapon exudes an aura of protection.
Crazy Yiuf hits you but does no damage.
You hit Crazy Yiuf.
Crazy Yiuf is lightly wounded.
Crazy Yiuf barely misses you.
You barely miss Crazy Yiuf.
Crazy Yiuf is lightly wounded.
Crazy Yiuf barely misses you. x2
You barely miss Crazy Yiuf.
Crazy Yiuf is lightly wounded.
Crazy Yiuf hits you with a +4 quarterstaff of chaos.
You are poisoned.
You slash Crazy Yiuf!
Crazy Yiuf is heavily wounded.
You feel very sick.
Crazy Yiuf hits you with a +4 quarterstaff of chaos!
Crazy Yiuf draws strength from your wounds!
You closely miss Crazy Yiuf.
You feel sick. Crazy Yiuf barely misses you.
You puncture Crazy Yiuf!
Crazy Yiuf is almost dead.
You feel sick.
Crazy Yiuf hits you with a +4 quarterstaff of chaos.
You are more poisoned.
You barely miss Crazy Yiuf.
Crazy Yiuf is almost dead.
You feel very sick.
Crazy Yiuf hits you with a +4 quarterstaff of chaos!
* * * LOW HITPOINT WARNING * * *
Crazy Yiuf freezes you.
* * * LOW HITPOINT WARNING * * *
You closely miss Crazy Yiuf.
Crazy Yiuf is almost dead.
* * * LOW HITPOINT WARNING * * *
You feel sick. Crazy Yiuf closely misses you.
Crazy Yiuf hits you with a +4 quarterstaff of chaos!
You die...

..#.#.# #....#
#...#... ..#.#.#
#....# ###.....
..#.#.# #PPP.#
##..## .##.#.#
##P..# ##.##
.##.#.# ##.## #..#
.##.#.# ##.# ##..
.##.#.# #.## ###
..#'#.# ##.# #
......###### #@##
# ......##...# #g#
. ......##.### ...
## ......#....#
#...# ......#..#.#
#)..# ......#..#.#
##### ......#..#.#
###.#.#..#########
#.#.#..#....<#.#


You could see Crazy Yiuf.

Vanquished Creatures
  Sigmund (D:3)
  Terence (D:3)
  An iguana (D:3)
  3 adders (D:2)
  A dart slug (D:1)
  An orc (D:3)
  4 ball pythons
  6 bats
  8 endoplasms
  6 giant cockroaches
  6 goblins
  5 hobgoblins
  3 jackals (D:2)
  A kobold (D:1)
  3 quokkas
  5 frilled lizards
  9 rats
64 creatures vanquished.

Vanquished Creatures (others)
  6 plants (D:2)
6 creatures vanquished.

Grand Total: 70 creatures vanquished

Notes
Turn   | Place    | Note
-------+----------+-------------------------------------------
     0 | D:1      | mcbry74 the Merfolk Gladiator began the quest for the Orb.
     0 | D:1      | Reached XP level 1. HP: 16/16 MP: 1/1
   161 | D:1      | Reached XP level 2. HP: 23/23 MP: 2/2
   385 | D:1      | Reached XP level 3. HP: 28/28 MP: 3/3
  1644 | D:2      | Reached skill level 5 in Polearms
  1700 | D:2      | Found a faded altar of an unknown god.
  1715 | D:2      | Prayed at the altar of an unknown god.
  1715 | D:2      | Became a worshipper of Ashenzari the Shackled
  1751 | D:2      | Reached XP level 4. HP: 34/34 MP: 4/4
  2570 | D:3      | Noticed Terence
  2589 | D:3      | Killed Terence
  2590 | D:3      | Reached XP level 5. HP: 20/41 MP: 5/5
  2973 | D:3      | Noticed Sigmund
  3001 | D:3      | Killed Sigmund
  3002 | D:3      | Reached skill level 6 in Polearms
  3002 | D:3      | Reached skill level 5 in Dodging
  3002 | D:3      | Reached XP level 6. HP: 8/47 MP: 6/6
  3613 | D:3      | Found a runed translucent door.
  3614 | D:3      | Noticed Crazy Yiuf
  3626 | D:3      | Slain by Crazy Yiuf

Illustrated notes

Levels and vault maps discovered:
D:1:      saegor_arrival_fortress, layout_basic, minmay_pentomino_v2
D:2:      layout_loops_cross, ebering_ecumenical_altar_sacrificial,
          grunt_ministairs_13, solitary_fountain, guppyfry_early_lair_pool
D:3:      layout_basic, nrook_uturn, uniq_crazy_yiuf_cottage, uniq_terence,
          uniq_sigmund

Skill      XL: |  1  2  3  4  5 |
---------------+----------------+-----
Polearms       | 5 6 |  6.8
Fighting       | 3 |  3.0
Throwing       | 3 |  3.5
Dodging        | 5 |  5.5

Action                   |  1- 3 |  4- 6 || total
-------------------------+-------+-------++-------
Melee: Trident           |   133 |   107 ||   240
       Punch             |     2 |     1 ||     3
       Halberd           |       |    20 ||    20
Throw: Stone             |     7 |       ||     7
       Throwing net      |     1 |     2 ||     3
       Boomerang         |       |    10 ||    10
 Stab: Sleeping          |     3 |       ||     3
Armor: Leather armour    |    22 |    22 ||    44
Dodge: Dodged            |    61 |    67 ||   128
